 Dungeon Crawl Stone Soup version 0.22-a0-136-g83a10e5 (webtiles) character file.

31091 Daviar the Covert (level 13, -1/89 HPs)
             Began as an Octopode Abyssal Knight on Feb 3, 2018.
             Was a Priest of Lugonu.
             Slain by a five-headed hydra (11 damage)
             ... on level 6 of the Lair of Beasts.
             The game lasted 01:04:10 (25776 turns).

Daviar the Covert (Octopode Abyssal Knight)        Turns: 25776, Time: 01:04:10

Health: -1/89      AC:  3    Str: 12    XL:     13   Next: 55%
Magic:  7/23       EV: 19    Int: 18    God:    Lugonu [***...]
Gold:   1080       SH:  0    Dex: 18    Spells: 21/26 levels left

rFire    . . .     SeeInvis +   R - +4 long sword (slice)
rCold    . . .     Gourm    .   (no shield)
rNeg     . . .     Faith    +   J - +2 hat
rPois    +         Spirit   .   e - amulet of faith {!P}
rElec    .         Reflect  .   P - ring of poison resistance
rCorr    .         Harm     .   K - +4 ring of dexterity
MR       .....                  U - ring of stealth
Stlth    ++++++++..             T - ring "Raymp" {Int+2 SInv Stlth+}
HPRegen  0.24/turn              (no ring)
MPRegen  0.18/turn              (no ring)
                                (no ring)
                                (no ring)

@: no status effects
A: almost no armour, stealthy swim, amphibious, 8 rings, constrict 8, camouflage
1, gelatinous body 1
a: Depart the Abyss, Bend Space, Banish, Renounce Religion


You were on level 6 of the Lair of Beasts.
You worshipped Lugonu.
Lugonu was most pleased with you.
You were not hungry.

You visited 2 branches of the dungeon, and saw 16 of its levels.
You visited the Abyss 1 time.
You also visited: Sewer and Volcano.

You collected 1080 gold pieces.

Inventory:

Hand Weapons
 y - a +1 short sword of venom
 A - a +0 dagger of draining
 C - a +4 rapier of venom
 R - a +4 long sword of slicing (weapon)
Missiles
 p - 10 throwing nets {!f}
 E - 481 stones (quivered)
Armour
 J - a +2 hat (worn)
Jewellery
 e - an amulet of faith (around mantle) {!P}
 m - an uncursed amulet of rage {unknown}
 v - a +3 amulet of reflection
 K - a +4 ring of dexterity (right tentacle)
 P - a ring of poison resistance (left tentacle)
 T - the ring "Raymp" (on tentacle) {Int+2 SInv Stlth+}
   (You found it on level 2 of the Lair of Beasts)

   [ring of see invisible]

   It affects your intelligence (+2).
   It lets you see invisible.
   It makes you more stealthy.
 U - a ring of stealth (on tentacle)
Wands
 a - a wand of flame (30)
 q - a wand of polymorph (21)
 w - a wand of paralysis (29)
 B - a wand of clouds (3)
Scrolls
 d - 2 scrolls of amnesia
 i - a scroll of identify
 j - a scroll of enchant armour
 o - a scroll of magic mapping
 r - 2 scrolls of remove curse
 t - 4 scrolls of teleportation
 x - 2 scrolls of blinking
 D - a scroll of fog
 H - a scroll of enchant weapon
 Q - 3 scrolls of immolation
 X - a scroll of holy word
Potions
 c - 3 potions of curing
 f - 3 potions of haste
 g - a potion of invisibility
 h - 5 potions of heal wounds
 k - 3 potions of agility
 l - 4 potions of cancellation
 n - 2 potions of flight
 s - 4 potions of brilliance
 u - a potion of lignification {!q}
 z - 2 potions of might
 F - 4 potions of ambrosia
 I - 2 potions of mutation {!q}
 N - 3 potions of magic
Books
 G - a book of Misfortune

   Spells                             Type                      Level
   a - Confusing Touch                Hexes                        1
   b - Confuse                        Hexes                        3
   c - Gell's Gravitas                Translocation                3
   d - Petrify                        Transmutation/Earth          4
   e - Metabolic Englaciation         Hexes/Ice                    5
   f - Yara's Violent Unravelling     Hexes/Transmutation          5
 L - a book of Maledictions

   Spells                             Type                      Level
   a - Corona                         Hexes                        1
   b - Ensorcelled Hibernation        Hexes/Ice                    2
   c - Confuse                        Hexes                        3
   d - Tukima's Dance                 Hexes                        3
   e - Dazzling Spray                 Conjuration/Hexes            3
 M - a book of Fire

   Spells                             Type                      Level
   a - Ignite Poison                  Fire/Transmutation/Poison    3
   b - Fireball                       Conjuration/Fire             5
   c - Bolt of Fire                   Conjuration/Fire             6
   d - Ring of Flames                 Charms/Fire                  7
   e - Ignition                       Fire                         8
 O - a book of Cantrips

   Spells                             Type                      Level
   a - Confusing Touch                Hexes                        1
   b - Animate Skeleton               Necromancy                   1
   c - Summon Small Mammal            Summoning                    1
   d - Apportation                    Translocation                1
Miscellaneous
 V - a lightning rod (2/4)
Comestibles
 b - 19 rations


   Skills:
 - Level 8.3 Fighting
 - Level 8.1 Short Blades
 - Level 8.1 Dodging
 - Level 11.4 Stealth
 + Level 7.2 Spellcasting
 + Level 7.9 Conjurations
 + Level 7.9 Fire Magic
 - Level 9.0 Invocations
 - Level 6.0 Evocations


You had 21 spell levels left.
You knew the following spells:

 Your Spells              Type           Power        Failure   Level  Hunger
s - Fireball              Conj/Fire      #####.....   11%         5    #####..


Dungeon Overview and Level Annotations

Branches:
Dungeon (10/15)            Temple (0/1) D:5            Lair (6/6) D:9
 Shoals (0/4) Lair:3       Spider (0/4) Lair:3        Slime (0/5) Lair:6
    Orc: D:9-12

Altars:
Hepliaklqana
Ru

Annotations:
Abyss:1 Joseph; Menkaure; Prince Ribbit


Innate Abilities, Weirdness & Mutations

You cannot wear most types of armour.
You are very stealthy in the water. (Stealth+)
You are amphibious.
You can wear up to eight rings at the same time.
You can use your tentacles to constrict eight enemies at once.
Your skin changes colour to match your surroundings (Stealth+).
Your rubbery body absorbs attacks. (AC +1, EV +1)


Message History

The five-headed hydra resists with significant effort.
You feel somewhat more hungry.
The elephant trumpets!
The five-headed hydra misses you.
The five-headed hydra barely misses you.
The five-headed hydra bites you.
* * * LOW HITPOINT WARNING * * *
The five-headed hydra closely misses you.
The five-headed hydra misses you.
An elephant comes into view.
You take 5 damage, and have 25/89 hp.
You now have 11/23 mp.
Press: ? - help, Shift-Dir - straight line, f/p - five-headed hydra
Aim: a five-headed hydra (chance to defeat MR: 57%)
The five-headed hydra resists with significant effort.
You feel quite a bit more hungry. The five-headed hydra bites you!
* * * LOW HITPOINT WARNING * * *
The five-headed hydra bites you!
* * * LOW HITPOINT WARNING * * *
The five-headed hydra bites you!
You die...

...#....................##
..#P..............##.....###
#........(...P............#
##...........##...P.#####..#
#P.....§?....#....⌠.# ....
...P..............P.# ...
hY..................# ..
#.....<..........#+##
....D........##.@#......# #..
..............#.D#..Z...# ..
.............##..#.p..#[#..P.P##.
.............#...#.Z..# #.#.P.#..
....[..$......#..########..#.P#..
..........$...................##.
................Y........##..#...
..............YY...†.....#.......
.. .............#..÷...


You could see a five-headed hydra and 3 elephants.

Vanquished Creatures
  Harold (Lair:1)
  3 two-headed ogres
  Pikel (D:8)
  2 manticores (D:8)
  Maurice (D:8)
  4 black mambas
  A gargoyle (D:10)
  7 spiny frogs
  4 komodo dragons
  2 rime drakes
  4 trolls
  A polar bear (Lair:2)
  A merfolk (D:8)
  4 dream sheep
  2 slime creatures (Lair:6)
  7 hippogriffs
  A human (D:9)
  19 yaks
  2 fire bats (Volcano)
  5 hogs
  6 wyverns
  A basilisk (Lair:6)
  A hungry ghost (D:10)
  6 swamp worms (Lair:2)
  2 hell hounds (Lair:3)
  7 water moccasins
  8 porcupines
  An orc warrior (D:10)
  8 black bears
  2 ice beasts (D:10)
  3 sky beasts
  4 slaves (D:8)
  An ogre (D:9)
  A phantom (D:10)
  A necrophage (D:10)
  A wolf (Lair:6)
  A centaur (D:6)
  3 crocodiles
  3 big kobolds
  20 bullfrogs
  A gnoll sergeant (D:9)
  A water moccasin zombie (D:8)
  3 scorpions
  7 killer bees (D:10)
  5 howler monkeys
  5 jellies
  5 electric eels
  2 bullfrog zombies
  6 crimson imps
  2 quasits
  5 orc priests
  3 gnoll shamans (D:8)
  5 hounds
  10 orc wizards
  2 bullfrog skeletons (D:10)
  Ijyb (D:3)
  4 iguanas
  11 worker ants
  A hound zombie (D:10)
  A hound skeleton (D:4)
  16 adders
  20 gnolls
  6 river rats
  A shadow imp (D:6)
  An ooze (Sewer)
  An adder zombie (D:8)
  4 dart slugs
  12 worms
  5 leopard geckos
  28 orcs
  8 giant cockroaches
  7 goblins
  6 hobgoblins
  9 jackals
  22 kobolds
  A quokka (D:2)
  9 ball pythons
  4 bats
  2 frilled lizards
  2 quokka zombies (D:6)
  30 rats
  A plant (Lair:2)
427 creatures vanquished.

Vanquished Creatures (others)
  A hydra (Lair:3)
  A two-headed ogre (D:8)
  The ghost of Raptoricus the Thaumaturge, a novice DrFE of Vehumet (D:8)
  A black mamba (Lair:6)
  A spiny frog (Lair:1)
  3 komodo dragons
  3 trolls
  The ghost of dxctxrx the Magician, an amateur GnWn (D:4)
  A hippogriff (D:10)
  2 yaks (Lair:1)
  A hungry ghost (D:8)
  2 swamp worms (Lair:2)
  A porcupine (Lair:1)
  An orc warrior (D:8)
  2 ice beasts
  A phantom (D:5)
  3 centaurs (D:8)
  3 ogres
  A scorpion (D:8)
  2 electric eels (D:8)
  5 fungi
  29 plants
66 creatures vanquished.

Grand Total: 493 creatures vanquished

Notes
Turn   | Place    | Note
-------+----------+-------------------------------------------
     0 | Abyss:1  | Daviar the Octopode Abyssal Knight began the quest for the Orb.
     0 | Abyss:1  | Reached XP level 1. HP: 16/16 MP: 2/2
    22 | D:1      | Escaped the Abyss
   226 | D:1      | Reached XP level 2. HP: 21/21 MP: 3/3
   243 | D:1      | Reached skill level 1 in Stealth
  1112 | D:2      | Found a hazy altar of Hepliaklqana.
  1117 | D:2      | Reached XP level 3. HP: 26/26 MP: 4/4
  1596 | D:2      | Reached ** piety under Lugonu
  1600 | D:2      | Reached skill level 2 in Stealth
  1600 | D:2      | Reached XP level 4. HP: 27/31 MP: 5/5
  2060 | D:3      | Reached XP level 5. HP: 12/36 MP: 7/7
  2526 | D:3      | Reached skill level 3 in Stealth
  2555 | D:3      | Reached XP level 6. HP: 37/43 MP: 8/8
  2743 | D:3      | Noticed Ijyb
  2748 | D:3      | Killed Ijyb
  2952 | D:3      | Reached *** piety under Lugonu
  3184 | D:4      | Found a glowing drain.
  3370 | Sewer    | Entered a sewer
  3847 | Sewer    | Reached **** piety under Lugonu
  3934 | Sewer    | Reached skill level 4 in Stealth
  3934 | Sewer    | Reached XP level 7. HP: 35/48 MP: 10/10
  4180 | D:4      | Noticed dxctxrx's ghost (amateur GnWn)
  4801 | D:4      | Reached skill level 5 in Invocations
  4960 | D:4      | Banished dxctxrx's ghost
  4960 | D:4      | Reached skill level 5 in Stealth
  4960 | D:4      | Reached XP level 8. HP: 48/54 MP: 10/12
  5380 | D:5      | Entered Level 5 of the Dungeon
  5420 | D:5      | Reached ***** piety under Lugonu
  5427 | D:5      | Reached skill level 5 in Fighting
  5926 | D:5      | Found a staircase to the Ecumenical Temple.
  6093 | D:6      | Noticed Prince Ribbit
  6095 | D:6      | Banished Prince Ribbit
  6095 | D:6      | Reached skill level 5 in Dodging
  6095 | D:6      | Reached skill level 6 in Stealth
  6523 | D:6      | You fall through a shaft for 2 floors!
  6523 | D:8      | Noticed a yak
  6524 | D:8      | Reached skill level 5 in Short Blades
  6524 | D:8      | Reached XP level 9. HP: 61/61 MP: 14/14
  6557 | D:8      | Noticed Joseph
  6766 | D:8      | Noticed a troll
  6778 | D:8      | Banished Joseph
  6779 | D:8      | Banished a troll
  6927 | D:8      | Reached skill level 7 in Stealth
  6998 | D:8      | HP: 3/62 [hog (13)]
  7007 | D:8      | Noticed Pikel
  7021 | D:8      | Noticed Raptoricus's ghost (novice DrFE)
  7822 | D:8      | Noticed a merfolk
  7835 | D:8      | Killed a merfolk
  8161 | D:8      | Reached skill level 8 in Stealth
  8233 | D:7      | Reached XP level 10. HP: 59/69 MP: 16/16
  8420 | D:6      | Noticed Menkaure
  8440 | D:6      | Banished Menkaure
  8745 | D:6      | Found a sacrificial altar of Ru.
 10826 | D:8      | Reached skill level 9 in Stealth
 11196 | D:8      | Banished Raptoricus's ghost
 11372 | D:8      | Killed Pikel
 11583 | D:8      | Found a hazy altar of Hepliaklqana.
 11615 | D:8      | Noticed a manticore
 11621 | D:8      | Killed a manticore
 11621 | D:8      | Reached skill level 10 in Stealth
 11621 | D:8      | Reached XP level 11. HP: 60/76 MP: 17/17
 12051 | D:8      | Noticed Maurice
 12057 | D:8      | Paralysed by something for 5 turns
 12068 | D:8      | Killed Maurice
 12481 | D:8      | Noticed a two-headed ogre
 12500 | D:8      | Banished a two-headed ogre
 13091 | D:8      | Learned a level 5 spell: Fireball
 13227 | D:8      | Noticed a manticore
 13232 | D:8      | Killed a manticore
 13232 | D:8      | Reached skill level 11 in Stealth
 13403 | D:9      | Reached skill level 1 in Conjurations
 13403 | D:9      | Reached skill level 1 in Fire Magic
 13524 | D:9      | Noticed a two-headed ogre
 13531 | D:9      | Killed a two-headed ogre
 13531 | D:9      | Reached skill level 1 in Spellcasting
 14203 | D:9      | Found a staircase to the Lair.
 14403 | D:10     | Entered Level 10 of the Dungeon
 15521 | D:10     | Noticed a two-headed ogre
 15528 | D:10     | Killed a two-headed ogre
 15658 | D:10     | Reached XP level 12. HP: 48/84 MP: 18/18
 16087 | D:10     | Noticed a two-headed ogre
 16090 | D:10     | Killed a two-headed ogre
 16090 | D:10     | Reached skill level 1 in Evocations
 16509 | Lair:1   | Entered Level 1 of the Lair of Beasts
 17744 | Lair:1   | Noticed Harold
 17759 | Lair:1   | Killed Harold
 17759 | Lair:1   | Reached skill level 5 in Conjurations
 17759 | Lair:1   | Reached skill level 5 in Fire Magic
 18782 | Lair:2   | Reached skill level 5 in Spellcasting
 20797 | Lair:2   | Got a pitted glass ring
 21038 | Lair:3   | Found a hole to the Spider Nest.
 21068 | Lair:3   | Identified the ring "Raymp" {Int+2 SInv Stlth+} (You found it on level 2 of the Lair of Beasts)
 21148 | Lair:3   | Found a dark tunnel.
 21257 | Volcano  | Entered a volcano
 21542 | Lair:3   | Noticed a six-headed hydra
 21544 | Lair:3   | Banished a six-headed hydra
 21544 | Lair:3   | Reached skill level 5 in Evocations
 21719 | Lair:3   | Reached XP level 13. HP: 89/89 MP: 21/21
 21739 | Lair:3   | Found a staircase to the Shoals.
 24750 | Lair:6   | Entered Level 6 of the Lair of Beasts
 24843 | Lair:6   | Found a staircase to the Slime Pits.
 25301 | Lair:6   | HP: 4/89 [poisoned by a black mamba]
 25309 | Lair:6   | HP: 4/89 [poisoned by a black mamba]
 25776 | Lair:6   | Slain by a five-headed hydra

Vault maps used:
D:1:      kilobyte_arrival_exit_the_forest, minivault_14
D:2:      old_standard_altar, serial_curves, eino_curves_02, eino_curves_03,
          eino_curves_02, minmay_misc_feat_tower
D:3:      first_ration, uniq_ijyb
D:4:      portal_sewer_entry_c
D:5:      temple_green
D:6:      serial_column_ruins, column_ruins_circle_medium,
          column_ruins_hut_water, column_ruins_corridor_straight,
          column_ruins_open_tiny, column_ruins_columns_dead_end,
          column_ruins_open_tiny_water, column_ruins_columns_straight,
          column_ruins_grid_1, nicolae_ru_the_path_less_chosen,
          uniq_prince_ribbit1, uniq_menkaure
D:8:      kennysheep_town, uniq_maurice, uniq_joseph, uniq_pikel
D:9:      lair_entry_dummy, grunt_livestock, grunt_ministairs_1
Lair:1:   uniq_harold
Lair:2:   worms_lemuel
Lair:3:   elwin_shoals_entry_rocks, dummy_spider_entry, enter_volcano_3,
          guppyfry_lair_drakes
Lair:5:   grunt_megastairs_4
Lair:6:   hangedman_lair_caniforms_friends, guppyfry_lair_end_dragon,
          minmay_slime_entry_pillars, eino_house_with_fridge
Sewer:    sewer_minmay_treatment
Volcano:  volcano_village

Skill      XL: |  1  2  3  4  5  6  7  8  9 10 11 12 13 |
---------------+----------------------------------------+-----
Stealth        | 1 2 3 4 5 6 8 10 11 | 11.4
Dodging        | 3 4 5 6 7 8 |  8.1
Invocations    | 3 4 5 6 8 9 |  9.0
Short Blades   | 3 4 5 6 7 8 |  8.1
Fighting       | 4 5 6 7 8 |  8.3
Conjurations   | 3 6 7 |  7.9
Fire Magic     | 3 6 7 |  7.9
Spellcasting   | 3 5 7 |  7.2
Evocations     | 5 6 |  6.0

Action                   |  1- 3 |  4- 6 |  7- 9 | 10-12 | 13-15 || total
-------------------------+-------+-------+-------+-------+-------++-------
Melee: Short sword       |    12 |       |   238 |   509 |       ||   759
       Constrict         |    15 |    49 |    53 |   126 |    13 ||   256
       Dagger            |    42 |   169 |    16 |    42 |       ||   269
       Tentacles         |     9 |    37 |    50 |   187 |    30 ||   313
       Long sword        |       |       |       |    81 |    17 ||    98
       Rapier            |       |       |       |    42 |    96 ||   138
Throw: Stone             |       |       |     3 |    11 |       ||    14
 Cast: Fireball          |       |       |       |       |    13 ||    13
Invok: Banish            |       |       |    15 |    23 |    11 ||    49
       Bend Space        |       |       |     1 |     2 |     5 ||     8
Evoke: Wand              |       |       |     2 |    21 |     5 ||    28
       Lightning rod     |       |       |       |       |     4 ||     4
  Use: Potion            |       |     1 |     3 |     3 |       ||     7
       Scroll            |       |       |    10 |    15 |     7 ||    32
 Stab: Sleeping          |     9 |    13 |    11 |    37 |    14 ||    84
       Distracted        |       |       |       |     4 |     1 ||     5
       Paralysed         |       |       |       |    10 |     4 ||    14
  Eat: Chunk             |     2 |     7 |     6 |    34 |     5 ||    54
       Ration            |       |       |     4 |     5 |     4 ||    13
Armor: Skin              |     8 |     7 |    10 |    19 |     3 ||    47
Dodge: Dodged            |    24 |   114 |   156 |   441 |    70 ||   805
       Rpst.: Long sword |       |       |       |    18 |     2 ||    20

Table legend:
 A = Spawn XP
 B = Non-spawn XP
 C = Spawn XP percentage of total XP
 D = Spawn monster count
 E = Non-spawn monster count
 F = Spawn count percentage of total count
 G = Total turns spent on level
                    A         B        C        D         E        F      G
               +---------+---------+-------+---------+---------+-------+---------
         Total |       0 |   44416 |   0.0 |       0 |     459 |   0.0 | 25776
               +---------+---------+-------+---------+---------+-------+---------
           D:1 |       0 |      31 |   0.0 |       0 |      15 |   0.0 |  1090
           D:2 |       0 |      95 |   0.0 |       0 |      23 |   0.0 |  1176
           D:3 |       0 |     276 |   0.0 |       0 |      25 |   0.0 |   773
           D:4 |       0 |     773 |   0.0 |       0 |      31 |   0.0 |  1512
           D:5 |       0 |     497 |   0.0 |       0 |      11 |   0.0 |   639
           D:6 |       0 |     908 |   0.0 |       0 |      25 |   0.0 |  1575
           D:7 |       0 |    1135 |   0.0 |       0 |      35 |   0.0 |  1458
           D:8 |       0 |    9182 |   0.0 |       0 |      73 |   0.0 |  4310
           D:9 |       0 |    2506 |   0.0 |       0 |      18 |   0.0 |  1080
          D:10 |       0 |    4709 |   0.0 |       0 |      37 |   0.0 |  2067
        Lair:1 |       0 |    3951 |   0.0 |       0 |      18 |   0.0 |  1980
        Lair:2 |       0 |    5152 |   0.0 |       0 |      35 |   0.0 |  2540
        Lair:3 |       0 |    3842 |   0.0 |       0 |      18 |   0.0 |  1295
        Lair:4 |       0 |    2156 |   0.0 |       0 |      10 |   0.0 |  1349
        Lair:5 |       0 |    4877 |   0.0 |       0 |      21 |   0.0 |  1653
        Lair:6 |       0 |    3698 |   0.0 |       0 |      14 |   0.0 |   424
         Sewer |       0 |     233 |   0.0 |       0 |      48 |   0.0 |   807
       Volcano |       0 |     395 |   0.0 |       0 |       2 |   0.0 |    26
               +---------+---------+-------+---------+---------+-------+---------
